 Dungeon Crawl Stone Soup version 0.26-a0-651-gb41185065b (webtiles) character file.

Game seed: 18190352498190271507

(classic levelgen) 67 EnegeticOcto the Sneak (level 3, 26/33 HPs)
             Began as a Deep Dwarf Delver on Oct 23, 2020.
             Quit the game in the Ecumenical Temple.
             The game lasted 00:01:23 (246 turns).

EnegeticOcto the Sneak (Deep Dwarf Delver)           Turns: 246, Time: 00:01:23

Health: 26/33      AC:  3    Str: 15    XL:     3   Next: 98%
Magic:  2/2        EV: 12    Int: 11    God:
Gold:   0          SH:  0    Dex: 14    Spells: 2/2 levels left

rFire    . . .     SeeInvis .   a - +0 hand axe
rCold    . . .     Faith    .   (no shield)
rNeg     . . .     Spirit   .   b - +0 leather armour
rPois    .         Reflect  .   (no helmet)
rElec    .         Harm     .   (no cloak)
rCorr    .         Rampage  .   (no gloves)
MR       .....                  (no boots)
Stlth    +++.......             (no amulet)
HPRegen  0.00/turn              (no ring)
MPRegen  0.08/turn              (no ring)

@: non-regenerating
A: damage resistance, heal wounds, sense surroundings 1, no regeneration
a: Heal Wounds


You were in the Ecumenical Temple.
You visited 2 branches of the dungeon, and saw 4 of its levels.

Inventory:

Hand Weapons
 a - a +0 hand axe (weapon)
Armour
 b - a +0 leather armour (worn)
Wands
 g - a wand of digging (3) {@v3}
Scrolls
 c - a scroll of fog
 d - a scroll of identify {unknown}
 e - a scroll of fear
Potions
 f - a potion of haste {@q4}


   Skills:
 - Level 2.6 Fighting
 + Level 4.7 Axes
 - Level 2.1 Dodging
 - Level 6.0 Stealth


You had 2 spell levels left.
You didn't know any spells.
Your spell library was empty.

Dungeon Overview and Level Annotations

Branches:
Dungeon (6/15)             Temple (1/1) D:4

Altars:
Cheibriados
Fedhas
Makhleb
Nemelex Xobeh
Okawaru
Qazlal
Uskayaw
Vehumet
Wu Jian
The Shining One


Innate Abilities, Weirdness & Mutations

You are resistant to damage.
You can heal yourself by infusing magical energy.
You passively map a small area around you.
You do not regenerate.


Message History

The adder is severely wounded.
The adder closely misses you. The adder barely misses you.
You barely miss the adder.
The adder is severely wounded.
You hit the adder. You closely miss the adder. The adder barely misses you.
The adder closely misses you. The adder bites you.
You hit the adder.
The adder is almost dead.
You miss the adder. You closely miss the adder. The adder bites you.
The adder barely misses you. The adder closely misses you.
The adder barely misses you. The adder bites you.
You are more poisoned.
The adder poisons you! The adder bites you but does no damage.
You miss the adder.
The adder is almost dead.
You hit the adder. You miss the adder. The adder closely misses you.
The adder bites you. x2
You hit the adder.
You kill the adder!
Your Axes skill increases to level 4!
You hit the adder. You barely miss the adder. The adder bites you.
You are more poisoned.
The adder poisons you! The adder barely misses you.
You hit the adder.
The adder is heavily wounded.
You miss the adder. The adder completely misses you.
The adder closely misses you. x2; The adder bites you.
You barely miss the adder.
The adder is heavily wounded.
You hit the adder. The adder bites you. The adder misses you.
You closely miss the adder.
The adder is heavily wounded.
You hit the adder. The adder bites you.
You are more poisoned.
The adder poisons you! The adder misses you.
The adder bites you but does no damage. The adder closely misses you.
You miss the adder.
The adder is severely wounded.
You closely miss the adder. The adder closely misses you. The adder bites you.
You barely miss the adder.
The adder is severely wounded.
You hit the adder. The adder closely misses you. The adder barely misses you.
The adder bites you. The adder barely misses you.
You hit the adder.
You kill the adder!
You barely miss the adder. The adder bites you.
You are more poisoned.
The adder poisons you!
You hit the adder.
The adder is almost dead.
The adder barely misses you. The adder bites you but does no damage.
You hit the adder.
You kill the adder!
No target in view!
As you read the scroll of magic mapping {@r5}, it crumbles to dust.
You feel aware of your surroundings.
Unknown command.
You see here an adder corpse.
A hound comes into view.
You see here a scroll labeled XAQUIFEMNOU.
d - a scroll labeled XAQUIFEMNOU
There are no items here.
An ogre comes into view. It is wielding a +0 giant spiked club.
An adder comes into view.
The adder hisses angrily.
The adder barely misses you. The adder barely misses you.
The adder closely misses you.
You open the door. The adder barely misses you.
Found a staircase to the Ecumenical Temple.
There is an open door here.
You are no longer poisoned.
The adder closely misses you.
There is a staircase to the Ecumenical Temple here.
The adder bites you.
You climb downwards.
Welcome to the Ecumenical Temple!
Found a hide-covered altar of Uskayaw and a stormy altar of Qazlal.
There is a staircase back to the Dungeon here.
You hit the adder.
The adder is heavily wounded.
The adder completely misses you. The adder bites you.
You are poisoned.
The adder poisons you!
You hit the adder.
You kill the adder!
No target in view!
Found a snail-covered altar of Cheibriados.
There is a fountain of clear blue water here.
You are no longer poisoned.
Found a sparkling altar of Nemelex Xobeh.
Found a burning altar of Makhleb.
Found an ornate altar of the Wu Jian Council.
There is a burning altar of Makhleb here.
Found a radiant altar of Vehumet.
Found an iron altar of Okawaru.
Found a glowing golden altar of the Shining One.
There is a glowing golden altar of the Shining One here.
Found a blossoming altar of Fedhas.
There is a stormy altar of Qazlal here.
Are you sure you want to abandon this character and quit the game? (Confirm with "yes".)

*########################
, ........................
* ######.################
* , ##.....## _...
..._...#..._...# ...
.....,#.......# .. * ...,
##.....## .#** * #.#
###.###
.#######.#######@####### *
........................
........................ .
..⌠.............<....... .
........................,
, ,.
........................ .
################.#######.#
#. ###.### ###.### ###.
##.....###.....###...


There were no monsters in sight!

Vanquished Creatures
  A jelly (D:5)
  4 adders
  A giant cockroach zombie (D:5)
6 creatures vanquished.

Notes
Turn   | Place    | Note
-------+----------+-------------------------------------------
     0 | D:5      | EnegeticOcto the Deep Dwarf Delver began the quest for the
                  | Orb.
     0 | D:5      | Reached XP level 1. HP: 20/20 MP: 1/1
     1 | D:6      | Noticed an ogre
     1 | D:6      | Noticed a worker ant
    10 | D:5      | Noticed a phantom
    11 | D:5      | Noticed a centaur
    13 | D:5      | Noticed a jelly
    21 | D:5      | Killed a jelly
    21 | D:5      | Reached XP level 2. HP: 14/27 MP: 2/2
    21 | D:5      | Reached XP level 3. HP: 18/33 MP: 3/3
    35 | D:5      | Noticed a phantom
    73 | D:4      | Noticed an ogre
    91 | D:4      | Found a staircase to the Ecumenical Temple.
    97 | Temple   | Entered the Ecumenical Temple
   246 | Temple   | Quit the game

Illustrated notes

Levels and vault maps discovered:
D:4:      kennysheep_big_flooded_room, layout_rooms, minmay_temple_entry_fiery
D:5:      minmay_spotlight, layout_cave_pools, uniq_crazy_yiuf_cottage
D:6:      layout_rooms, riverfiend_overflow_shadow_ancestor, elyvilon_altar_4,
          uniq_maggie
Temple:   dpeg_chambers_temple

Skill      XL: |  1  2  3 |
---------------+----------+-----
Axes           | 3 4 |  4.7
Fighting       | |  2.6
Dodging        | |  2.1
Stealth        | |  6.0

Action                   || total
-------------------------++-------
Melee: Hand axe          ||    25
 Abil: Heal Wounds       ||     1
  Use: Scroll            ||     1
Armor: Leather armour    ||     9
Dodge: Dodged            ||    34

Table legend: (Time is in decaauts)
 A = Elapsed time spent in this place.
 B = Non-inter-level travel time spent in this place.
 C = Inter-level travel time spent in this place.
 D = Time resting spent in this place.
 E = Time spent auto-exploring this place.
 F = Levels seen in this place.
 G = Mean time per level.
                   A        B        C        D        E       F      G
               +--------+--------+--------+--------+--------+-----+--------+
         Total |    248 |    248 |      0 |      0 |      0 |   4 |   62.0 |
       Dungeon |     99 |     99 |      0 |      0 |      0 |   3 |   33.0 |
        Temple |    148 |    148 |      0 |      0 |      0 |   1 |  148.0 |
               +--------+--------+--------+--------+--------+-----+--------+

Top non-repeatable levels by time:
  Temple: 148 daAuts
     D:4: 54 daAuts
     D:5: 43 daAuts
     D:6: 1 daAuts
